 Dungeon Crawl Stone Soup version 0.20-a0-454-g2b43fbb (console) character file.

131 nht the Bolt Thrower (level 5, -5/38 HPs)
             Began as a Barachian Hunter on Jan 9, 2017.
             Slain by Pikel
             ... wielding a +2 whip of freezing
              (7 damage)
             ... on level 4 of the Dungeon.
             The game lasted 00:03:54 (1872 turns).

nht the Bolt Thrower (Barachian Hunter)             Turns: 1872, Time: 00:03:55

Health: -5/38      AC:  7    Str: 11      XL:     5   Next: 14%
Magic:  5/5        EV: 11    Int: 11 (13) God:
Gold:   175        SH:  0    Dex: 10 (11) Spells: 4/4 levels left

rFire  . . .     SeeInvis .     s - +1 hand axe (freeze)
rCold  . . .     Gourm    .     p - +3 leather armour
rNeg   . . .     Faith    .     (no shield)
rPois  .         Spirit   .     e - +0 helmet
rElec  .         Reflect  .     (no cloak)
rCorr  .         Harm     .     (no gloves)
MR     .....                    (no boots)
Stlth  +.........               l - amulet of inaccuracy (curse)
                                (no ring)
                                o - +3 ring of intelligence

@: exhausted, about to teleport, slowed, very slow
A: swims, slowness 1, strong legs 1
a: Hop


You were on level 4 of the Dungeon.
You were not hungry.

You visited 1 branch of the dungeon, and saw 4 of its levels.

You collected 175 gold pieces.

Inventory:

Hand Weapons
 a - a +1 hand crossbow
 b - a +0 short sword
 g - a +0 hand axe
 n - a +0 mace
 s - a +1 hand axe of freezing (weapon)
Missiles
 d - 5 bolts
Armour
 e - a +0 helmet (worn)
 p - a +3 leather armour (worn)
Jewellery
 l - a cursed amulet of inaccuracy (around neck)
 o - a +3 ring of intelligence (left hand)
Wands
 c - a wand of flame (16/48)
Potions
 j - 2 potions of might {unknown}
 m - a potion of flight
 q - a potion of resistance {unknown}
 u - a potion of mutation {unknown}
Comestibles
 f - a bread ration
 i - a beef jerky
 k - 2 meat rations
 t - 3 chunks of flesh


   Skills:
 - Level 2.1 Fighting
 + Level 5.7 Crossbows
 - Level 2.0 Dodging
 - Level 1.0 Stealth


You had 4 spell levels left.
You didn't know any spells.

Dungeon Overview and Level Annotations

Branches:
Dungeon (4/15)
 Temple: D:4-7

Altars:
Ashenzari

Annotations:
D:4 Pikel


Innate Abilities, Weirdness & Mutations

You can swim through water.
You cover ground slowly.
You can hop short distances.


Message History

Pikel hits you with a whip of freezing. Pikel freezes you.
You slash Pikel! You freeze Pikel.
Pikel is moderately wounded.
Pikel hits you with a whip of freezing! Pikel freezes you.
You closely miss Pikel.
Pikel is moderately wounded.
You are no longer berserk.
You are exhausted.
You feel yourself slow down. Pikel hits you with a whip of freezing.
Pikel freezes you.
* * * LOW HITPOINT WARNING * * *
As you read the scroll labeled VOOHAGAFEE, it crumbles to dust.
You feel strangely unstable.
It was a scroll of teleportation.
Pikel hits you with a whip of freezing!
* * * LOW HITPOINT WARNING * * *
Pikel freezes you.
* * * LOW HITPOINT WARNING * * *
Okay, then.
Pikel hits you with a whip of freezing!
You die...

█.
██.██
█>...
█..?
█p.█


█pp █p█████ █K█... █@█.██ █...<+ ██████ You could see Pikel and 4 slaves.

Vanquished Creatures
  Jessica (D:3)
  Terence (D:2)
  An adder (D:2)
  An ooze (D:1)
  A dart slug (D:2)
  3 leopard geckos (D:3)
  An orc (D:3)
  5 giant cockroaches
  8 goblins
  8 hobgoblins
  2 jackals (D:1)
  2 ball pythons
  8 bats
  5 frilled lizards
  7 kobolds
  10 rats
64 creatures vanquished.

Notes
Turn   | Place    | Note
-------+----------+-------------------------------------------
     0 | D:1      | nht the Barachian Hunter began the quest for the Orb.
     0 | D:1      | Reached XP level 1. HP: 16/16 MP: 1/1
   152 | D:1      | Reached skill level 4 in Crossbows
   152 | D:1      | Reached XP level 2. HP: 22/22 MP: 2/2
   388 | D:1      | Reached XP level 3. HP: 24/27 MP: 3/3
   997 | D:2      | Found a shattered altar of Ashenzari.
  1080 | D:2      | Noticed Terence
  1112 | D:2      | Reached skill level 5 in Crossbows
  1112 | D:2      | Reached XP level 4. HP: 27/33 MP: 4/4
  1122 | D:2      | Killed Terence
  1489 | D:3      | Noticed Jessica
  1492 | D:3      | Killed Jessica
  1492 | D:3      | Reached XP level 5. HP: 38/38 MP: 5/5
  1854 | D:4      | Noticed a slave
  1855 | D:4      | Noticed a slave
  1855 | D:4      | Noticed a slave
  1858 | D:4      | Noticed Pikel
  1867 | D:4      | Noticed a slave
  1872 | D:4      | Slain by Pikel

Vault maps used:
D:1:      ncdulo_wetmaze
D:2:      ashenzari_altar_1, minmay_split_cup_small, uniq_terence
D:3:      uniq_jessica
D:4:      lemuel_coloured_pillars_altar, first_bread, uniq_edmund, uniq_pikel,
          uniq_menkaure

Skill      XL: |  1  2  3 |
---------------+----------+-----
Crossbows      | 4 5 |  5.7
Fighting       | |  2.1
Dodging        | |  2.0
Stealth        | |  1.0

Action                   |  1- 3 |  4- 6 || total
-------------------------+-------+-------++-------
Melee: Mace              |    83 |    38 ||   121
       Hand axe          |       |    50 ||    50
 Fire: Hand crossbow     |    87 |    13 ||   100
  Use: Scroll            |     4 |     4 ||     8
       Potion            |     5 |     3 ||     8
  Eat: Chunk             |     1 |     3 ||     4
Armor: Leather armour    |    67 |    29 ||    96
       Skin              |       |     2 ||     2
Dodge: Dodged            |   129 |    56 ||   185
